AoeStats
← Sterlo White

Arabian Desert

509061055Analyzed
1v1 RM · 6d ago on Sep 25, 2026· 29m 37s· 2 players
Game mode
Random Map
Map size
Tiny (2 player)
Population
200
Speed
Normal
Resources
Standard
Victory
Conquest
Starting age
Dark Age
Ending age
Imperial Age
RankedLock teamsTeams togetherTeam positionsShared explorationLock speedFull tech treeHidden civsTurbo modeCheats
Victory
Defeat
🇰🇿 Khmer · Kazakhstan
1048
+15
🇧🇪 Lithuanians · Belgium
1034
-15
chatelle.gilles
5:10 Loom
11:12 Feudal Age
12:02 Double-Bit Axe
12:01 Horse Collar
14:45 Forging
15:58 Man-at-Arms
19:19 Castle Age
18:43 Bloodlines
18:42 Scale Barding Armor
19:40 Gold Mining
20:11 Bow Saw
20:11 Heavy Plow
20:49 Pikeman
23:23 Wheelbarrow
24:41 Scale Mail Armor
25:23 Hand Cart
Sterlo White
7:56 Loom
9:59 Feudal Age
20:26 Castle Age
19:21 Double-Bit Axe
19:24 Horse Collar
19:40 Gold Mining
20:07 Bloodlines
21:16 Scale Barding Armor
21:22 Forging
22:19 Husbandry
22:30 Light Cavalry
27:21 Wheelbarrow
26:59 Bow Saw
29:13 Iron Casting
Connection lost

Rejoining the realm…

Still unreachable

The connection could not be restored.

Session expired

The server has moved on; the page needs a fresh start.